 Dungeon Crawl Stone Soup version 0.29-a0-360-g8ed1089bbe (webtiles) character file.

Game seed: 16058866031666496267

89 klau3 the Slasher (level 4, -5/41 HPs)
             Began as a Minotaur Berserker on Apr 28, 2022.
             Was a Believer of Trog.
             Killed from afar by a white imp (12 damage)
             ... with a puff of frost
             ... summoned by Eustachio
             ... on level 4 of the Dungeon.
             The game lasted 00:11:05 (3606 turns).

klau3 the Slasher (Minotaur Berserker)              Turns: 3606, Time: 00:11:05

Health: -5/41      AC:  6    Str: 24    XL:     4   Next: 31%
Magic:  3/3        EV: 10    Int:  4    God:    Trog [**....]
Gold:   160        SH:  0    Dex:  9    Spells: 3/3 levels left

rFire   . . .      SeeInvis .   a - +0 falchion
rCold   . . .      Faith    .   (no shield)
rNeg    . . .      Spirit   .   j - +0 scale mail
rPois   .          Reflect  .   (helmet restricted)
rElec   .          Harm     .   (no cloak)
rCorr   .          Rampage  .   (no gloves)
Will    .....                   (no boots)
Stlth   ..........              (no amulet)
HPRegen 0.13/turn               (no ring)
MPRegen 0.08/turn               (no ring)

@: no status effects
A: horns 2, retaliatory headbutt
a: Renounce Religion, Berserk, Trog's Hand


You were on level 4 of the Dungeon.
You worshipped Trog.
Trog was pleased with you.
You visited 1 branch of the dungeon, and saw 4 of its levels.

You collected 160 gold pieces.

Inventory:

Hand Weapons
 a - a +0 falchion (weapon)
 e - a +0 hunting sling
 r - a +2 whip of electrocution
Missiles
 n - 103 stones
 o - an atropa-tipped dart (quivered)
Armour
 b - a +0 animal skin
 h - a +0 ring mail
 j - a +0 scale mail (worn)
 q - a +0 helmet
Jewellery
 t - a ring of wizardry
Scrolls
 c - 3 scrolls of fog {unknown}
 d - a scroll of enchant armour {unknown}
 f - 2 scrolls of vulnerability {unknown}
 g - 2 scrolls of identify {unknown}
 k - 2 scrolls of teleportation {unknown}
Potions
 i - a potion of lignification {unknown}
 l - 2 potions of degeneration {unknown}
 m - a potion of ambrosia {unknown}
 p - 2 potions of might {unknown}
 s - 2 potions of curing {unknown}


   Skills:
 + Level 4.3 Fighting
 + Level 4.9 Long Blades
 + Level 3.0 Armour
 + Level 2.8 Dodging
 + Level 0.5 Stealth


You had 3 spell levels left.
You didn't know any spells.
Your spell library contained the following spells:

 Spells                   Type           Power      Damage    Failure   Level
 Animate Skeleton         Necr           0%         N/A       80%         1
 Apportation              Tloc           0%         N/A       80%         1
 Beastly Appendage        Tmut           0%         N/A       80%         1
 Summon Small Mammal      Summ           0%         N/A       80%         1
 Wereblood                Tmut           0%         N/A       91%         2
 Call Canine Familiar     Summ           0%         N/A       99%         3
 Conjure Flame            Conj/Fire      0%         6-21      99%         3
 Ignite Poison            Fire/Tmut/Pois 0%         N/A       99%         3
 Portal Projectile        Hex/Tloc       0%         N/A       99%         3
 Spider Form              Tmut/Pois      0%         N/A       99%         3
 Leda's Liquefaction      Hex/Erth       0%         N/A       100%        4
 Sticky Flame             Conj/Fire      0%         2d3       100%        4


Dungeon Overview and Level Annotations

Branches:
Dungeon (4/15)
 Temple: D:4-7

Altars:
Kikubaaqudgha
Okawaru
Sif Muna

Annotations:
D:4 Eustachio


Innate Abilities, Weirdness & Mutations

You have a pair of horns on your head.
You reflexively headbutt those who attack you in melee.


Message History

You headbutt the white imp, but do no damage.
You completely miss Eustachio.
Eustachio is lightly wounded.
Eustachio barely misses you.
The white imp hits you but does no damage.
The white imp gestures at you. The puff of frost misses you.
You hit Eustachio.
Eustachio is lightly wounded.
Eustachio hits you with a +0 falchion. The white imp gestures at you.
The puff of frost hits you. The white imp gestures at you.
The puff of frost hits you.
You miss Eustachio. Your headbutt misses Eustachio. You punch Eustachio.
Eustachio is lightly wounded.
Eustachio hits you with a +0 falchion.
The white imp hits you but does no damage.
The white imp gestures at you. The puff of frost hits you.
You barely miss Eustachio. Your headbutt misses Eustachio.
Eustachio is lightly wounded.
Eustachio gestures wildly while chanting.
The white imp hits you. The white imp freezes you.
The white imp barely misses you.
You barely miss Eustachio.
Eustachio is lightly wounded.
Eustachio hits you with a +0 falchion!
* * * LOW HITPOINT WARNING * * *
The white imp closely misses you.
The white imp hits you but does no damage.
You hit Eustachio but do no damage.
Eustachio is lightly wounded.
The quokka bites you but does no damage.
Eustachio misses you.
The white imp shouts, "Back with thee, thou cockered half-faced fleecer!"
The white imp hits you but does no damage.
The white imp gestures at you. The puff of frost hits you!
You die...

#########'###
#...........#
#...........#
#...........# .
#...........#
..#+###...........#
...........########
........5.(#.....#
.......@@?.(..(..#
....!..r5..#.....#
...........# #####
########(....
#.(..... #........
#........ #.....)..


You could see Eustachio, 2 white imps and a quokka (summoned).

Vanquished Creatures
  2 adders (D:2)
  An adder skeleton (D:3)
  2 worms (D:2)
  An orc (D:3)
  2 ball pythons
  6 bats
  8 endoplasms
  5 giant cockroaches
  3 hobgoblins
  2 jackals (D:3)
  7 kobolds
  4 quokkas
  A frilled lizard (D:2)
  3 goblins
  9 rats
56 creatures vanquished.

Vanquished Creatures (others)
  A withered plant (D:3)
1 creature vanquished.

Grand Total: 57 creatures vanquished

Notes
Turn   | Place    | Note
-------+----------+-------------------------------------------
     0 | D:1      | klau3 the Minotaur Berserker began the quest for the Orb.
     0 | D:1      | Reached XP level 1. HP: 19/19 MP: 0/0
   373 | D:1      | Found a faded altar of an unknown god.
   742 | D:1      | Reached XP level 2. HP: 27/27 MP: 1/1
  1440 | D:2      | Reached XP level 3. HP: 18/33 MP: 2/2
  2047 | D:2      | Found an iron altar of Okawaru.
  2519 | D:3      | Reached XP level 4. HP: 39/41 MP: 3/3
  2530 | D:3      | Reached ** piety under Trog
  2707 | D:3      | Found a shimmering blue altar of Sif Muna.
  3343 | D:3      | Found an ancient bone altar of Kikubaaqudgha.
  3588 | D:4      | Noticed Eustachio
  3606 | D:4      | Killed from afar by a white imp

Illustrated notes

Levels and vault maps discovered:
D:1:      dpeg_arrival_arbitrary_a, layout_basic,
          dilly_ecumenical_altar_fadedgnrine, kennysheep_another_room,
          minmay_misc_feat_x
D:2:      layout_rooms, basic_altar, nicolae_concentric_dashed_squares_mild,
          wander_ebering_terrifying_dragon_lair
D:3:      layout_loops_ring, nicolae_sif_muna_condensation,
          mainiacjoe_overflow_24_doors, gup_sewer_entry_spiral, serial_undead,
          serial_undead_f, serial_undead_e, serial_undead_e, serial_undead_a
D:4:      layout_gridville, trog_wizard, nemelex_spade_bored_becter,
          minmay_temple_entry_hall, uniq_sigmund, uniq_eustachio

Skill      XL: |  1  2  3  4 |
---------------+-------------+-----
Long Blades    | 4 |  4.9
Fighting       | 4 |  4.3
Armour         | 3 |  3.0
Dodging        | |  2.8
Stealth        | |  0.5

Action                   |  1- 3 |  4- 6 || total
-------------------------+-------+-------++-------
Melee: Falchion          |   110 |    56 ||   166
       Headbutt          |    19 |     6 ||    25
       Punch             |     3 |     2 ||     5
Throw: Dart              |       |     5 ||     5
Armor: Animal skin       |     8 |       ||     8
       Ring mail         |     9 |       ||     9
       Scale mail        |    51 |    30 ||    81
Dodge: Dodged            |    88 |    34 ||   122

Table legend: (Time is in decaauts)
 A = Elapsed time spent in this place.
 B = Non-inter-level travel time spent in this place.
 C = Inter-level travel time spent in this place.
 D = Time resting spent in this place.
 E = Time spent auto-exploring this place.
 F = Levels seen in this place.
 G = Mean time per level.
                   A        B        C        D        E       F      G
               +--------+--------+--------+--------+--------+-----+--------+
         Total |   3686 |   3426 |    260 |    576 |   1008 |   4 |  921.5 |
       Dungeon |   3686 |   3426 |    260 |    576 |   1008 |   4 |  921.5 |
               +--------+--------+--------+--------+--------+-----+--------+

Top non-repeatable levels by time:
     D:1: 1336 daAuts
     D:3: 1226 daAuts
     D:2: 1066 daAuts
     D:4: 56 daAuts
